AoeStats
← CursedDice

Hideout

507337765Analyzed
1v1 RM · 15d ago on Sep 17, 2026· 19m 3s· 2 players
Game mode
Random Map
Map size
Tiny (2 player)
Population
200
Speed
Normal
Resources
Standard
Victory
Conquest
Starting age
Dark Age
Ending age
Imperial Age
RankedLock teamsTeams togetherTeam positionsShared explorationLock speedFull tech treeHidden civsTurbo modeCheats
Victory
Defeat
🇸🇰 Mongols · Slovakia
862
+14
🇪🇸 Portuguese · Spain
811
-14
CursedDice
3:47 Loom
11:35 Feudal Age
16:36 Castle Age
14:54 Horse Collar
15:09 Double-Bit Axe
17:28 Wheelbarrow
vladSVK
7:46 Loom
10:20 Feudal Age
14:56 Castle Age
14:49 Bloodlines
15:05 Double-Bit Axe
15:17 Horse Collar
Connection lost

Rejoining the realm…

Still unreachable

The connection could not be restored.

Session expired

The server has moved on; the page needs a fresh start.